 Dungeon Crawl Stone Soup version 0.19.5 (webtiles) character file.

63 Inarius the Covered (level 3, -2/33 HPs)
             Began as a Minotaur Fighter on Apr 20, 2017.
             Slain by Sigmund
             ... wielding a +0 scythe
              (4 damage)
             ... on level 2 of the Dungeon.
             The game lasted 00:03:02 (1165 turns).

Inarius the Covered (Minotaur Fighter)              Turns: 1165, Time: 00:03:03

Health: -2/33      AC:  6    Str: 20    XL:     3   Next: 87%
Magic:  2/2        EV:  8    Int:  5    God:
Gold:   105        SH:  9    Dex: 10    Spells: 0 memorised, 2 levels left

rFire  . . .     SeeInvis .     a - +0 long sword
rCold  . . .     Gourm    .     o - +0 ring mail
rNeg   . . .     Faith    .     c - +0 shield
rPois  .         Spirit   .     (helmet restricted)
rElec  .         Reflect  .     (no cloak)
rCorr  .         Harm     .     (no gloves)
MR     .....                    (no boots)
Stlth  ..........               (no amulet)
                                (no ring)
                                (no ring)

@: no status effects
A: retaliatory headbutt, horns 2
a: no special abilities


You were on level 2 of the Dungeon.
You were not hungry.

You visited 1 branch of the dungeon, and saw 2 of its levels.

You collected 105 gold pieces.

Inventory:

Hand Weapons
 a - a +0 long sword (weapon)
Armour
 c - a +0 shield (worn)
 o - a +0 ring mail (worn)
Scrolls
 b - a scroll of remove curse {unknown}
 g - a scroll of teleportation {unknown}
 h - 4 scrolls of identify {unknown}
 j - a scroll of magic mapping {unknown}
 r - a scroll of random uselessness {unknown}
Potions
 d - 2 potions of might
 e - a potion of curing {unknown}
 i - a potion of resistance {unknown}
 k - a potion of flight {unknown}
 m - a potion of beneficial mutation {unknown}
 q - a potion of brilliance {unknown}
Comestibles
 f - 2 bread rations
 l - a meat ration
 n - a slice of pizza
 p - 3 chunks of flesh


   Skills:
 + Level 3.9 Fighting
 + Level 3.2 Long Blades
 + Level 4.4 Armour
 + Level 0.7 Dodging
 + Level 4.3 Shields


You had 2 spell levels left.
You didn't know any spells.

Dungeon Overview and Level Annotations

Branches:
Dungeon (2/15)

Altars:

Annotations:
D:2 Sigmund


Innate Abilities, Weirdness & Mutations

You reflexively headbutt those who attack you in melee.
You have a pair of horns on your head.


Message History

A puff of flame appears from out of thin air!
The puff of flame hits you!
You closely miss something. Your headbutt misses something.
You hear some strange, mumbled words.
A puff of flame appears from out of thin air!
The puff of flame hits you!
* * * LOW HITPOINT WARNING * * *
Something hits you.
* * * LOW HITPOINT WARNING * * *
You hit the goblin but do no damage. Your headbutt misses the goblin.
You block the goblin's attack.
You hit the goblin. Your headbutt misses the goblin.
The goblin is severely wounded.
You block something's attack. The goblin misses you.
The goblin hits you with a dagger.
* * * LOW HITPOINT WARNING * * *
You closely miss the goblin. Your headbutt misses the goblin.
The goblin is severely wounded.
Something hits you.
You die...

#.# #.# #.# #.# .###
#[# ...# . ### #.# .<.#
.. #.# #.# ...#. #.#
#@# ....
#.##############g# ..#
......)..........###..#
#.###############.....#
#.# $...........%....
#.# #####...##.......
#.# ....... ....... #.#
####.## ....... #.# #.#
.. .......


You could see a goblin.

Vanquished Creatures
  Ijyb (D:2)
  An adder (D:2)
  3 dart slugs
  2 bats (D:1)
  2 giant cockroaches
  5 goblins
  3 hobgoblins (D:1)
  A frilled lizard (D:1)
  4 kobolds
  3 rats
25 creatures vanquished.

Notes
Turn   | Place    | Note
-------+----------+-------------------------------------------
     0 | D:1      | Inarius the Minotaur Fighter began the quest for the Orb.
     0 | D:1      | Reached XP level 1. HP: 19/19 MP: 0/0
    91 | D:1      | Reached XP level 2. HP: 26/27 MP: 1/1
   583 | D:2      | Noticed Ijyb
   597 | D:2      | Killed Ijyb
   597 | D:2      | Reached XP level 3. HP: 21/33 MP: 2/2
  1148 | D:2      | Noticed Sigmund
  1164 | D:2      | HP: 1/33 [goblin/dagger (2)]
  1165 | D:2      | Slain by Sigmund

Skill      XL: |  1  2  3 |
---------------+----------+-----
Shields        | 4 |  4.3
Armour         | 4 |  4.4
Long Blades    | 3 |  3.2
Fighting       | |  3.9
Dodging        | |  0.7

Action                   || total
-------------------------++-------
Melee: Long sword        ||    72
       Headbutt          ||     5
  Eat: Chunk             ||     1
Armor: Scale mail        ||    12
       Ring mail         ||    16
Dodge: Dodged            ||    12
Block: Shield            ||    35
       Rpst.: Long sword ||     3
